 Dungeon Crawl Stone Soup version 0.28-a0-691-gad6df49e81 (webtiles) character file.

Game seed: 18034514605384030882

21 cheechan the Skirmisher (level 2, -3/28 HPs)
             Began as a Naga Fighter on Oct 22, 2021.
             Slain by a worm (8 damage)
             ... on level 2 of the Dungeon.
             The game lasted 00:05:15 (769 turns).

cheechan the Skirmisher (Naga Fighter)               Turns: 769, Time: 00:05:16

Health: -3/28      AC:  4    Str: 18    XL:     2   Next: 83%
Magic:  2/2        EV:  7    Int:  8    God:
Gold:   48         SH:  4    Dex: 10    Spells: 1/1 levels left

rFire   . . .      SeeInvis +   a - +0 war axe
rCold   . . .      Faith    .   c - +0 buckler
rNeg    . . .      Spirit   .   b - +0 scale mail
rPois   +          Reflect  .   (no helmet)
rElec   .          Harm     .   (no cloak)
rCorr   .          Rampage  .   (no gloves)
Will    .....                   (no barding)
Stlth   ..........              (no amulet)
HPRegen 0.09/turn               (no ring)
MPRegen 0.08/turn               (no ring)

@: very slow
A: AC +0, large, see invisible, deformed body, poison resistance, slowness 2,
spit poison 1, naga tail 1
a: Spit Poison


You were on level 2 of the Dungeon.
You visited 1 branch of the dungeon, and saw 2 of its levels.

You collected 48 gold pieces.

Inventory:

Hand Weapons
 a - a +0 war axe (weapon)
Missiles
 e - 43 bolts
 g - 17 poisoned darts
 n - 16 stones
Armour
 b - a +0 scale mail (worn)
 c - a +0 buckler (worn)
Scrolls
 j - 2 scrolls of teleportation {unknown}
 m - a scroll of identify {unknown}
Potions
 d - a potion of might
 f - 2 potions of berserk rage {unknown}
 h - a potion of magic {unknown}
 i - a potion of haste
 k - a potion of curing {unknown}
 l - a potion of brilliance {unknown}


   Skills:
 + Level 3.2 Fighting
 + Level 2.2 Axes
 + Level 2.7 Armour
 + Level 2.6 Shields


You had one spell level left.
You didn't know any spells.
Your spell library was empty.

Dungeon Overview and Level Annotations

Branches:
Dungeon (2/15)

Altars:


Innate Abilities, Weirdness & Mutations

Your serpentine skin is tough. (AC +0)
You have supernaturally acute eyesight. (SInv)
Armour fits poorly on your strangely shaped body.
Your system is resistant to poisons. (rPois)
You cover ground very slowly.
You can spit poison.
You have a snake-like lower body.


Message History

Found a scroll labelled BUS WAMOSICEFA.
m - a scroll labelled BUS WAMOSICEFA A kobold comes into view.
It is wielding a +0 whip.
The kobold shouts!
A worm comes into view.
The kobold throws a stone.
The stone hits you but does no damage. The kobold closely misses you.
You closely miss the kobold. The kobold barely misses you. x2
You closely miss the kobold. The kobold hits you with a +0 whip.
You completely miss the kobold. The kobold hits you but does no damage.
You slash the kobold!
You kill the kobold!
Things that are here:
a +0 whip; 3 stones A worm comes into view.
Found 16 stones.
The worm bites you.
You barely miss the worm. The worm bites you!
You slash the worm!
The worm is moderately wounded.
You hit the worm.
The worm is heavily wounded.
The worm bites you.
You slash the worm!
The worm is almost dead.
You block the worm's attack.
You hit the worm.
You kill the worm!
You see here a worm corpse.
You see here 16 stones.
n - 16 stones You start resting.
A worm is nearby!
You hit the worm.
The worm is lightly wounded.
The worm bites you.
You barely miss the worm. The worm bites you.
* * * LOW HITPOINT WARNING * * *
You barely miss the worm. The worm bites you!
You die...

... ... ... ... ..# ##
#########..###
#............
#...........
#.........#
#......w.##
###†.....@..##...
#.............#
########.###########.#
...#....# ..
###.#..)####### #
..#...#.......#
#..............
######.######## #.#


You could see a worm.

Vanquished Creatures
  A worm (D:2)
  A dart slug (D:1)
  2 giant cockroaches (D:1)
  4 hobgoblins (D:1)
  A ball python (D:1)
  A bat (D:1)
  4 kobolds
  2 rats
16 creatures vanquished.

Vanquished Creatures (others)
  10 plants (D:1)
10 creatures vanquished.

Grand Total: 26 creatures vanquished

Notes
Turn   | Place    | Note
-------+----------+-------------------------------------------
     0 | D:1      | cheechan the Naga Fighter began the quest for the Orb.
     0 | D:1      | Reached XP level 1. HP: 21/21 MP: 1/1
   146 | D:1      | Reached XP level 2. HP: 27/28 MP: 2/2
   769 | D:2      | Slain by a worm

Illustrated notes

Levels and vault maps discovered:
D:1:      denvon_arrival_planthouse, layout_loops_ring, minmay_misc_feat_room,
          minmay_pentomino_t4
D:2:      layout_rooms, serial_corexii_hall, corexii_hall_statues_deadend,
          corexii_hall_statues_x, uniq_jessica, uniq_sigmund

Action                   || total
-------------------------++-------
Melee: War axe           ||    44
Armor: Scale mail        ||    15
Dodge: Dodged            ||    16
Block: Buckler           ||     4

Table legend: (Time is in decaauts)
 A = Elapsed time spent in this place.
 B = Non-inter-level travel time spent in this place.
 C = Inter-level travel time spent in this place.
 D = Time resting spent in this place.
 E = Time spent auto-exploring this place.
 F = Levels seen in this place.
 G = Mean time per level.
                   A        B        C        D        E       F      G
               +--------+--------+--------+--------+--------+-----+--------+
         Total |   1058 |   1058 |      0 |     20 |      0 |   2 |  529.0 |
       Dungeon |   1058 |   1058 |      0 |     20 |      0 |   2 |  529.0 |
               +--------+--------+--------+--------+--------+-----+--------+

Top non-repeatable levels by time:
     D:1: 916 daAuts
     D:2: 142 daAuts
